 Dungeon Crawl Stone Soup version 0.25-a0-822-g6581751 (webtiles) character file.

Game seed: 10876773520604646698, levelgen mode: deterministic

63431 Faca the Whirler (level 15, -1/103 HPs)
             Began as a Halfling Hunter on Apr 20, 2020.
             Was the Champion of Okawaru.
             Slain by Jorgrun
             ... wielding an uncursed staff of earth
              (3 damage)
             ... on level 2 of the Orcish Mines.
             The game lasted 00:56:18 (31099 turns).

Faca the Whirler (Halfling Hunter)                 Turns: 31099, Time: 00:56:19

Health: -1/103     AC: 23    Str: 26    XL:     15   Next: 50%
Magic:  22/22      EV:  9    Int: 12    God:    Okawaru [******]
Gold:   1454       SH:  0    Dex: 21    Spells: 14/14 levels left

rFire    . . .     SeeInvis .   L - +7 quick blade
rCold    . . .     Gourm    .   r - +0 buckler
rNeg     . . .     Faith    .   j - +1 ring mail "Qelargh Jiso" {rElec Str+4 Dex+4 Stlth+}
rPois    .         Spirit   .   (no helmet)
rElec    +         Reflect  +   K - +2 cloak
rCorr    .         Harm     .   k - +1 pair of gloves
MR       +....                  J - +2 pair of boots
Stlth    +++.......             A - +3 amulet of reflection
HPRegen  0.27/turn              B - ring of Ewael {Str+4 Int+3 Stlth+}
MPRegen  0.18/turn              y - +5 ring of protection

@: petrifying, grasped by roots, hasted, constricted
A: small, mutation resistance 1
a: Heroism, Finesse, Renounce Religion


You were on level 2 of the Orcish Mines.
You worshipped Okawaru.
Okawaru was exalted by your worship.
You were not hungry.

You visited 4 branches of the dungeon, and saw 21 of its levels.

You collected 1790 gold pieces.
You spent 336 gold pieces at shops.

Inventory:

Hand Weapons
 b - the +8 hunting sling of Misery {freeze, rElec rC- Int+9 Stlth+}
   (Okawaru gifted it to you on level 5 of the Lair of Beasts)

   It causes projectiles fired from it to freeze those they strike, causing
   extra injury to most foes and up to half again as much damage against
   particularly susceptible opponents.
   They can also slow down cold-blooded creatures.
   It affects your intelligence (+9).
   It makes you vulnerable to cold.
   It insulates you from electricity.
   It makes you more stealthy.
 L - a +7 quick blade (weapon)
 Q - a +2 rapier of flaming
 R - a +2 fustibalus of flaming
Missiles
 d - 294 sling bullets
 q - 451 stones (quivered)
Armour
 e - a +4 scale mail of fire resistance
 j - the +1 ring mail "Qelargh Jiso" (worn) {rElec Str+4 Dex+4 Stlth+}
   (Okawaru gifted it to you on level 11 of the Dungeon)

   It affects your strength (+4).
   It affects your dexterity (+4).
   It insulates you from electricity.
   It makes you more stealthy.
 k - a +1 pair of gloves (worn)
 r - a +0 buckler (worn)
 J - a +2 pair of boots (worn)
 K - a +2 cloak (worn)
Jewellery
 y - a +5 ring of protection (right hand)
 A - a +3 amulet of reflection (around neck)
 B - the ring of Ewael (left hand) {Str+4 Int+3 Stlth+}
   (You found it on level 8 of the Dungeon)

   [ring of intelligence]

   It affects your strength (+4).
   It affects your intelligence (+3).
   It makes you more stealthy.
 G - an uncursed ring of ice
Wands
 g - a wand of polymorph (18)
 i - a wand of acid (16)
 v - a wand of clouds (4)
 E - a wand of disintegration (20)
 I - a wand of digging (4)
 M - a wand of random effects (39)
 O - a wand of iceblast (16)
Scrolls
 a - 2 scrolls of immolation
 l - 15 scrolls of remove curse
 m - 6 scrolls of identify
 o - 3 scrolls of enchant weapon
 s - 6 scrolls of teleportation
 t - 4 scrolls of enchant armour
 x - 3 scrolls of magic mapping
 D - 3 scrolls of fear
 N - 6 scrolls of fog
Potions
 c - 2 potions of mutation
 h - 3 potions of might
 n - a potion of lignification
 p - 3 potions of invisibility
 u - a potion of berserk rage
 w - 7 potions of flight
 z - 3 potions of haste
 C - 2 potions of cancellation
 P - a potion of ambrosia
Comestibles
 f - 35 rations
 F - 2 chunks of flesh


   Skills:
 - Level 10.0 Fighting
 + Level 15.1 Short Blades
 - Level 15.3 Slings
 + Level 11.2 Armour
 + Level 11.4 Dodging
 - Level 1.1 Stealth
 + Level 3.7 Shields
 + Level 9.5 Invocations


You had 14 spell levels left.
You didn't know any spells.
Your spell library contained the following spells:

 Spells                   Type           Power        Failure   Level  Hunger
 Animate Skeleton         Necr           N/A          47%         1    ##.....
 Apportation              Tloc           #.....       47%         1    ##.....
 Corona                   Hex            #......      47%         1    ##.....
 Summon Butterflies       Summ           #.......     47%         1    ##.....
 Summon Small Mammal      Summ           #...         47%         1    ##.....
 Call Canine Familiar     Summ           #.......     85%         3    ####...
 Cause Fear               Hex            #.........   99%         4    #####..
 Summon Ice Beast         Ice/Summ       #.......     99%         4    #####..
 Bolt of Magma            Conj/Fire/Erth #.........   100%        5    ######.
 Iskenderun's Battlesphe  Conj/Chrm      #.......     100%        5    ######.
 Silence                  Hex/Air        #.........   100%        5    ######.
 Summon Mana Viper        Hex/Summ       #.......     100%        5    ######.
 Yara's Violent Unravell  Hex/Tmut       #.........   100%        5    ######.
 Iron Shot                Conj/Erth      #.........   100%        6    #######
 Orb of Destruction       Conj           #.........   100%        7    #######
 Spellforged Servitor     Conj/Summ      #.........   100%        7    #######
 Summon Hydra             Summ           #.........   100%        7    #######
 Discord                  Hex            #.........   100%        8    #######


Dungeon Overview and Level Annotations

Branches:
Dungeon (12/15)            Temple (1/1) D:5            Lair (6/6) D:11
 Shoals (0/4) Lair:4        Snake (0/4) Lair:3        Slime (0/5) Lair:6
    Orc (2/2) D:12            Elf (0/3) Orc:2

Altars:
Ashenzari
Cheibriados
Dithmenos
Elyvilon
Fedhas
Gozag
Hepliaklqana
Kikubaaqudgha
Makhleb
Nemelex Xobeh
Okawaru
Qazlal
Ru
Sif Muna
Trog
Uskayaw
Vehumet
Wu Jian
Xom
Yredelemnul
Zin
The Shining One
Jiyva

Shops:
D:6 %   D:8 *   D:9 =

Annotations:
Lair:1 3 runed translucent doors, zbzbzb's ghost, journeyman DrGl
Orc:2 Jorgrun


Innate Abilities, Weirdness & Mutations

You are small and have problems with some larger weapons.
You are somewhat resistant to further mutation.


Message History

The orc no longer looks unusually strong.
The orc hits you but does no damage.
Jorgrun hits you with an uncursed staff of earth!
* * * LOW HITPOINT WARNING * * *
Jorgrun crushes you!
* * * LOW HITPOINT WARNING * * *
The grasping roots constrict you. The orc hits you but does no damage.
Jorgrun hits you with an uncursed staff of earth.
Jorgrun crushes you!
* * * LOW HITPOINT WARNING * * *
The grasping roots constrict you. The orc hits you but does no damage.
You turn to flesh and can move again.
Unknown command.
You feel yourself speed up. Jorgrun barely misses you.
* * * LOW HITPOINT WARNING * * *
The grasping roots constrict you! You block the orc's attack.
The roots' grasp on you weakens, but your attempt to escape fails.
Jorgrun casts a spell at you.
You are slowing down.
You die...

#........... ##..........
#........... #...........
#........... #.......)... ###
#################.........
..######...#...†.g.##...[..).....
...##..#...#...#@o##.#...))).....
...............####.....).#......
................# ##.#.#.........
..........##...#######.#..)......
................#.##.....)[[.....
................)...)....#[#.....
.............#..[......#.##.)....
.....[.#..............#...#.$..#.
.......#.......##..##.##.........


You could see Jorgrun and an orc.

Vanquished Creatures
  Nessos (Lair:6)
  A yaktaur captain (D:11)
  A merfolk avatar (Lair:6)
  A centaur warrior (D:12)
  A catoblepas (Lair:6)
  4 hydras
  A two-headed ogre (D:11)
  3 orc high priests (Orc:2)
  Sonja (Lair:6)
  2 sea snakes (Lair:6)
  4 orc knights
  An ugly thing (D:12)
  An oklob plant (Lair:4)
  2 manticores (Lair:6)
  13 elephants
  Joseph (D:8)
  2 cyclopes (D:11)
  2 black mambas
  16 spiny frogs
  5 gargoyles
  Maggie (Lair:2)
  2 torpor snails
  An efreet (D:8)
  5 rime drakes
  10 komodo dragons
  3 meliai (D:11)
  6 trolls
  6 polar bears
  2 hornets (Lair:6)
  2 dream sheep (Lair:6)
  9 blink frogs
  8 hippogriffs
  4 basilisks (D:11)
  2 wyverns (Lair:6)
  57 yaks
  2 hungry ghosts
  A warg (Orc:2)
  19 water moccasins
  A soldier ant (D:11)
  Edmund (D:6)
  15 porcupines
  A black bear (D:11)
  7 ice beasts
  30 orc warriors
  A sky beast (D:6)
  2 necrophages (D:12)
  2 phantoms
  8 ogres
  An eye of draining (D:8)
  13 wolves
  5 centaurs
  18 crocodiles
  2 big kobolds
  11 bullfrogs
  4 scorpions
  10 killer bees (D:9)
  4 wights (D:12)
  3 howler monkeys (D:11)
  5 crimson imps
  2 bullfrog zombies
  3 centaur zombies
  A quasit (D:12)
  2 jellies
  2 bullfrog skeletons
  4 hounds
  24 orc priests
  16 orc wizards
  2 centaur skeletons
  2 iguanas
  9 worker ants
  2 centaur simulacra (D:11)
  A bullfrog simulacrum (D:11)
  A hound zombie (D:6)
  2 worker ant zombies
  2 gnolls
  A howler monkey zombie (D:6)
  19 adders
  4 shadow imps
  3 white imps (D:11)
  A worker ant simulacrum (D:11)
  An ufetubus (D:11)
  2 oozes
  3 worms
  A dart slug (D:1)
  10 leopard geckos
  66 orcs
  8 bats
  6 giant cockroaches
  9 goblins
  3 hobgoblins
  17 jackals
  2 quokkas
  4 ball pythons
  A frilled lizard (D:1)
  15 kobolds
  A leopard gecko skeleton (D:4)
  A quokka zombie (D:8)
  13 rats
  A bush (Lair:4)
614 creatures vanquished.

Vanquished Creatures (others)
  A centaur (D:12)
  An orc (Orc:2)
  A bush (D:11)
  19 fungi
  42 plants
64 creatures vanquished.

Grand Total: 678 creatures vanquished

Notes
Turn   | Place    | Note
-------+----------+-------------------------------------------
     0 | D:1      | Faca the Halfling Hunter began the quest for the Orb.
     0 | D:1      | Reached XP level 1. HP: 14/14 MP: 1/1
    91 | D:1      | Reached XP level 2. HP: 18/19 MP: 2/2
   488 | D:1      | Reached XP level 3. HP: 23/25 MP: 3/3
  1038 | D:2      | Found a sacrificial altar of Ru.
  1078 | D:2      | Reached XP level 4. HP: 30/30 MP: 4/4
  1563 | D:3      | Reached XP level 5. HP: 31/36 MP: 5/5
  1594 | D:3      | Found a sparkling altar of Nemelex Xobeh.
  1598 | D:3      | Found a burning altar of Makhleb.
  1601 | D:3      | Found a snail-covered altar of Cheibriados.
  1798 | D:3      | Reached skill level 1 in Short Blades
  1882 | D:3      | Found a basalt altar of Yredelemnul.
  2041 | D:4      | Reached XP level 6. HP: 22/43 MP: 2/6
  2892 | D:5      | Entered Level 5 of the Dungeon
  2987 | D:5      | Reached XP level 7. HP: 44/48 MP: 5/7
  3463 | D:5      | Found a staircase to the Ecumenical Temple.
  3486 | Temple   | Entered the Ecumenical Temple
  3540 | Temple   | Became a worshipper of Warmaster Okawaru
  3974 | D:5      | Found a shimmering altar of Xom.
  4383 | D:6      | Reached skill level 5 in Fighting
  4383 | D:6      | Reached XP level 8. HP: 55/55 MP: 8/8
  4637 | D:6      | Found a glowing golden altar of the Shining One.
  4661 | D:6      | Found Miafei's Food Emporium.
  4820 | D:6      | Noticed Edmund
  4843 | D:6      | Killed Edmund
  4843 | D:6      | Reached skill level 5 in Short Blades
  5148 | D:7      | Reached * piety under Okawaru
  5163 | D:7      | Reached skill level 10 in Slings
  5706 | D:7      | Reached XP level 9. HP: 51/62 MP: 9/9
  5977 | D:7      | Reached ** piety under Okawaru
  6140 | D:7      | Found a blossoming altar of Fedhas.
  6334 | D:7      | Found a stormy altar of Qazlal.
  6713 | D:8      | Noticed Joseph
  6760 | D:8      | Killed Joseph
  6784 | D:8      | Reached *** piety under Okawaru
  7096 | D:8      | Noticed a troll
  7116 | D:8      | Killed a troll
  7116 | D:8      | Reached XP level 10. HP: 61/71 MP: 10/10
  7252 | D:8      | Found Ciopp's Assorted Antiques.
  7258 | D:8      | Bought a square peridot amulet for 115 gold pieces
  7258 | D:8      | Bought a pair of runed boots for 172 gold pieces
  7588 | D:8      | Noticed an efreet
  7616 | D:8      | Killed an efreet
  7917 | D:8      | Got a slimy marble ring
  7925 | D:8      | Noticed a gargoyle
  7940 | D:8      | Killed a gargoyle
  7940 | D:8      | Reached **** piety under Okawaru
  7941 | D:8      | Noticed a freezing wraith
  8313 | D:8      | Found a shattered altar of Ashenzari.
  8323 | D:8      | Identified the ring of Ewael {Str+4 Int+3 Stlth+} (You
                  | found it on level 8 of the Dungeon)
  8350 | D:8      | Found a basalt altar of Yredelemnul.
  8728 | D:9      | Noticed a gargoyle
  8800 | D:9      | Killed a gargoyle
  9530 | D:9      | Reached skill level 10 in Short Blades
  9875 | D:9      | Reached ***** piety under Okawaru
  9933 | D:9      | Found Saecikhlor's Jewellery Shoppe.
  9938 | D:9      | Bought a cursed ring of teleportation for 49 gold pieces
 10000 | D:9      | Reached skill level 1 in Armour
 10000 | D:9      | Reached XP level 11. HP: 74/78 MP: 11/11
 10011 | D:9      | Received a gift from Okawaru
 10164 | D:10     | Entered Level 10 of the Dungeon
 10895 | D:10     | Received a gift from Okawaru
 11759 | D:11     | Received a gift from Okawaru
 11811 | D:11     | Noticed a two-headed ogre
 11848 | D:11     | Killed a two-headed ogre
 11996 | D:11     | Received a gift from Okawaru
 12512 | D:11     | Received a gift from Okawaru
 12529 | D:11     | Reached skill level 5 in Dodging
 12537 | D:11     | Got a smelly ring mail {god gift}
 12893 | D:11     | Identified the +1 ring mail "Qelargh Jiso" {rElec Str+4
                  | Dex+4 Stlth+} (Okawaru gifted it to you on level 11 of the
                  | Dungeon)
 12932 | D:11     | Noticed a cyclops
 13350 | D:11     | Reached XP level 12. HP: 77/86 MP: 12/12
 13649 | D:11     | Reached skill level 5 in Armour
 13960 | D:11     | Found a staircase to the Lair.
 14022 | D:11     | Reached skill level 15 in Slings
 14416 | D:11     | Noticed a yaktaur captain
 14426 | D:11     | Killed a yaktaur captain
 14819 | Lair:1   | Entered Level 1 of the Lair of Beasts
 14946 | Lair:1   | Found a basalt altar of Yredelemnul.
 14978 | Lair:1   | Found a runed translucent gate.
 14978 | Lair:1   | Found a runed translucent gate.
 14985 | Lair:1   | Found a runed translucent gate.
 14985 | Lair:1   | Noticed zbzbzb's ghost (journeyman DrGl)
 14987 | Lair:1   | Noticed a four-headed hydra
 15040 | Lair:1   | Received a gift from Okawaru
 15040 | Lair:1   | Reached skill level 10 in Fighting
 16444 | Lair:2   | Reached skill level 1 in Invocations
 16800 | Lair:2   | Reached ****** piety under Okawaru
 17443 | Lair:2   | Reached XP level 13. HP: 85/92 MP: 14/14
 17508 | Lair:2   | Noticed Maggie
 17527 | Lair:2   | Killed Maggie
 17828 | Lair:3   | Received a gift from Okawaru
 17836 | Lair:3   | Found a staircase to the Snake Pit.
 18009 | Lair:3   | You fall into a shaft and drop 2 floors!
 18583 | Lair:5   | Received a gift from Okawaru
 18973 | Lair:4   | Received a gift from Okawaru
 20171 | Lair:3   | Reached skill level 5 in Invocations
 21428 | Lair:4   | Found a staircase to the Shoals.
 21955 | Lair:5   | Noticed a four-headed hydra
 21965 | Lair:5   | Killed a four-headed hydra
 21965 | Lair:5   | Received a gift from Okawaru
 21968 | Lair:5   | Got an iridescent hunting sling {god gift}
 21969 | Lair:5   | Identified the +8 hunting sling of Misery {freeze, rElec
                  | rC- Int+9 Stlth+} (Okawaru gifted it to you on level 5 of
                  | the Lair of Beasts)
 22858 | Lair:6   | Entered Level 6 of the Lair of Beasts
 23045 | Lair:6   | Reached XP level 14. HP: 99/99 MP: 18/18
 23140 | Lair:6   | Found a viscous altar of Jiyva.
 23140 | Lair:6   | Found a staircase to the Slime Pits.
 23998 | Lair:6   | Noticed Sonja
 24176 | Lair:6   | Received a gift from Okawaru
 24265 | Lair:6   | Reached skill level 10 in Dodging
 24492 | Lair:6   | Killed Sonja
 24492 | Lair:6   | Received a gift from Okawaru
 24746 | Lair:6   | Reached skill level 10 in Armour
 24796 | Lair:6   | Received a gift from Okawaru
 25705 | Lair:6   | Noticed Nessos
 25711 | Lair:6   | Killed Nessos
 26536 | Lair:4   | Reached XP level 15. HP: 103/103 MP: 13/21
 26974 | D:11     | Reached skill level 1 in Shields
 27601 | D:12     | Found a staircase to the Orcish Mines.
 28026 | Orc:1    | Entered Level 1 of the Orcish Mines
 28249 | Orc:2    | Entered Level 2 of the Orcish Mines
 28253 | Orc:2    | Found a staircase to the Elven Halls.
 28515 | Orc:2    | Received a gift from Okawaru
 29426 | Orc:2    | Reached skill level 15 in Short Blades
 29865 | Orc:2    | Found a burning altar of Makhleb.
 30357 | Orc:1    | Received a gift from Okawaru
 31067 | Orc:1    | Noticed Jorgrun
 31098 | Orc:2    | HP: 2/103 [Jorgrun/uncursed staff of earth (8)]
 31099 | Orc:2    | Slain by Jorgrun

Levels and vault maps discovered:
D:1:      eino_arrival_water_star, layout_loops_corners, minmay_nonomino_d4
D:2:      layout_basic, nicolae_ru_awakened_eye
D:3:      layout_rooms, grunt_temple_overflow_diamond, yredelemnul_altar_generic
D:4:      layout_rooms, first_ration
D:5:      layout_layer_cave, minmay_temple_entry_fiery, tgw_xom
D:6:      layout_cave_pools, nicolae_tso_carved_into_rock, serial_shops, shop,
          minmay_misc_feat_tiny, uniq_edmund
D:7:      layout_loops_corners, grunt_temple_overflow_forces_of_nature,
          grunt_ogre_cave
D:8:      minmay_blocky_corners, layout_loops_ring,
          amethyst_overflow_temple_binary, serial_shops, shop, uniq_joseph
D:9:      layout_irregular_city, serial_shops, shop
D:10:     layout_grid_maze, dk_noncrumbling_4, kennysheep_boxes
D:11:     layout_long_grid, minmay_lair_entry_grove, serial_ice, serial_ice_h,
          serial_ice_n, serial_ice_e, serial_ice_b, serial_ice_g, serial_ice_m,
          serial_ice_l, serial_ice_o, kennysheep_just_a_vault
D:12:     layout_cave_pools
Temple:   jpeg_temple_clearing
Lair:1:   layout_hall_layers, basic_altar, gammafunk_ghost_split, minivault_23
Lair:2:   layout_cellular_growth, serial_bayou_shore_b,
          infiniplex_staircase_pool_2, uniq_maggie
Lair:3:   layout_regular_city, minmay_snake_entry_six_corridors,
          grunt_megastairs_2
Lair:4:   layout_gridlike, elwin_shoals_entry_rocks,
          chequers_serial_rivers_micro_b, minmay_lair_oklob_bushes,
          lemuel_old_faithful, serial_bayou_shore_b
Lair:5:   layout_cave_pods, eino_small_chamber_without_monster
Lair:6:   gammafunk_lair_ancient_temple, layout_regular_city, slime_altar_1,
          wad_woods_road_01, hangedman_lair_generics_rect, uniq_sonja,
          uniq_nessos
Orc:1:    layout_caves, uniq_jorgrun
Orc:2:    st_orc_pillars, layout_caves, basic_altar

Skill      XL: |  1  2  3  4  5  6  7  8  9 10 11 12 13 14 15 |
---------------+----------------------------------------------+-----
Slings         | 6 7 8 9 10 12 13 14 15 | 15.3
Fighting       | 2 3 4 5 6 7 8 9 10 | 10.0
Short Blades   | 2 3 4 6 8 10 11 12 13 14 15 | 15.1
Armour         | 1 4 6 9 10 11 | 11.2
Dodging        | 5 7 9 10 11 | 11.4
Invocations    | 2 6 8 9 |  9.5
Shields        | 3 |  3.7
Stealth        | |  1.1

Action                   |  1- 3 |  4- 6 |  7- 9 | 10-12 | 13-15 || total
-------------------------+-------+-------+-------+-------+-------++-------
Melee: Short sword       |   124 |       |       |    40 |       ||   164
       Dagger            |     8 |   225 |   588 |  1191 |   220 ||  2232
       Rapier            |       |       |       |       |  1036 ||  1036
       Quick blade       |       |       |       |       |   356 ||   356
 Fire: Hunting sling     |       |       |       |    32 |   301 ||   333
       Fustibalus        |       |       |       |       |    43 ||    43
Throw: Stone             |       |       |     1 |       |       ||     1
Invok: Heroism           |       |       |       |     3 |     2 ||     5
       Finesse           |       |       |       |       |     1 ||     1
Evoke: Wand              |       |       |       |       |     6 ||     6
  Use: Scroll            |     5 |     8 |     8 |     8 |     7 ||    36
       Potion            |       |       |     2 |     6 |     7 ||    15
 Stab: Sleeping          |     1 |     2 |       |    16 |    10 ||    29
       Distracted        |       |       |       |     2 |     2 ||     4
       Petrified         |       |       |       |       |     1 ||     1
  Eat: Chunk             |     1 |     6 |    10 |    32 |    33 ||    82
       Ration            |       |       |     1 |     1 |     3 ||     5
Armor: Ring mail         |    41 |    90 |   185 |   289 |   296 ||   901
       Leather armour    |     3 |       |       |       |       ||     3
Dodge: Dodged            |   109 |   156 |   225 |   526 |   862 ||  1878
Block: Other             |       |     1 |    44 |       |       ||    45
       Reflection        |       |       |     2 |     8 |    11 ||    21
       Buckler           |       |       |    32 |   299 |   484 ||   815

Table legend:
 A = Non-vault XP
 B = Vault XP
 C = Vault XP percentage of total XP
 D = Non-vault monster count
 E = Vault monster count
 F = Vault count percentage of total count
                 A         B        C        D         E       F
            +---------+---------+-------+---------+---------+-------
      Total |   57599 |   33018 |  36.4 |     464 |     150 |  24.4
            +---------+---------+-------+---------+---------+-------
        D:1 |      44 |       8 |  15.4 |      24 |       5 |  17.2
        D:2 |      40 |       0 |   0.0 |      11 |       0 |   0.0
        D:3 |      99 |       0 |   0.0 |      29 |       0 |   0.0
        D:4 |     276 |       0 |   0.0 |      12 |       0 |   0.0
        D:5 |     509 |      15 |   2.9 |      13 |       1 |   7.1
        D:6 |     253 |     163 |  39.2 |       9 |       2 |  18.2
        D:7 |    1240 |     121 |   8.9 |      35 |       1 |   2.8
        D:8 |    1182 |    1724 |  59.3 |      33 |       6 |  15.4
        D:9 |    2269 |       0 |   0.0 |      27 |       0 |   0.0
       D:10 |    1907 |     485 |  20.3 |      18 |       2 |  10.0
       D:11 |    7998 |    4447 |  35.7 |      44 |      27 |  38.0
       D:12 |    5378 |       0 |   0.0 |      29 |       0 |   0.0
     Lair:1 |    2573 |       0 |   0.0 |      14 |       0 |   0.0
     Lair:2 |    3502 |     404 |  10.3 |      19 |       1 |   5.0
     Lair:3 |    5305 |    2113 |  28.5 |      28 |      17 |  37.8
     Lair:4 |    3382 |     595 |  15.0 |      18 |       1 |   5.3
     Lair:5 |    6547 |       0 |   0.0 |      20 |       0 |   0.0
     Lair:6 |    9666 |   17612 |  64.6 |      33 |      39 |  54.2
      Orc:1 |    2665 |    1085 |  28.9 |      18 |       7 |  28.0
      Orc:2 |    2764 |    4246 |  60.6 |      30 |      41 |  57.7
            +---------+---------+-------+---------+---------+-------
